Map: Ever Dream LE

Players

EnDerr - Winner!

  • Race: Zerg Zerg
  • League: Master
  • Spawn Location: 1:00

NXZ

  • Race: Zerg Zerg
  • Spawn Location: 7:00

Event: DreamHack SC2 Masters 2020 Summer Oceania RoA

VOD

Have the link to the VOD?

Description

Time

  • Played on: June 25, 2020, 6:08 a.m.
  • Length: 5:53

All games in this series

Show
View Real Time Build Order
Export as new Build Order

EnDerr Zerg - Winner!

Build Orders: Hatch First 

Get SALT Encoding   

  12  0:00  Drone  
  13  0:12  Overlord  
  13  0:18  Drone  
  14  0:30  Drone x2  
  16  0:50  Hatchery  
  16  0:53  Drone  
  16  0:56  Drone  
  17  1:01  Drone  
  18  1:10  Extractor  
  17  1:15  Spawning Pool  
  17  1:18  Drone  
  17  1:22  Drone  
  18  1:28  Drone  
  19  1:39  Drone  
  20  1:52  Drone  
  21  2:02  Queen x2  
  21  2:03  Zergling x4  
  27  2:11  Metabolic Boost  
  27  2:16  Overlord  
  27  2:20  Drone  
  28  2:36  Drone x4  
  32  2:43  Hatchery  
  31  2:51  Baneling Nest  
  30  2:56  Queen  
  32  3:02  Overlord  
  31  3:07  Drone  
  31  3:08  Drone x2  
  34  3:14  Zergling x2  
  35  3:21  Zergling x8  
  35  3:25  Overlord  
  39  3:29  Zergling x2  
  39  3:31  Zergling x2  
  41  3:37  Baneling x4  
  41  3:40  Zergling x2  
  41  3:41  Zergling x2  
  43  3:47  Zergling x2  
  43  3:48  Zergling x2  
  43  3:53  Zergling x2  
  43  3:56  Zergling x2  
  43  3:57  Zergling x4  
  44  4:04  Zergling x2  
  44  4:05  Zergling x4  
  44  4:06  Baneling  
  44  4:09  Zergling x2  
  47  4:12  Baneling, Zergling x2  
  47  4:13  Baneling  
  47  4:15  Zergling x2  
  47  4:16  Zergling x2  
  50  4:18  Drone  
  50  4:24  Drone  
  50  4:25  Drone  
  50  4:31  Zergling x4  
  54  4:35  Zergling x6  
  57  4:41  Overlord x2  
  57  5:00  Baneling x7  
  57  5:02  Zergling x6  
  61  5:07  Zergling x10, Spine Crawler x2  
  61  5:10  Zergling x2  
  64  5:19  Zergling x4  
  60  5:24  Zergling x2  
  60  5:25  Zergling x4  
  60  5:26  Zergling x2  
  60  5:27  Zergling x2  
  60  5:28  Zergling x2  
  57  5:29  Zergling x2  
Show
View Real Time Build Order
Export as new Build Order

NXZ Zerg 

Build Orders: Hatch First 

Get SALT Encoding   

  12  0:00  Drone  
  13  0:12  Overlord  
  13  0:17  Drone  
  14  0:31  Drone  
  14  0:32  Drone  
  16  0:47  Hatchery  
  15  0:51  Drone  
  15  0:54  Drone  
  17  0:57  Drone  
  18  1:07  Extractor  
  17  1:13  Spawning Pool  
  17  1:15  Drone  
  17  1:19  Drone  
  18  1:28  Drone  
  19  1:39  Drone  
  20  1:50  Drone  
  21  1:59  Queen x2  
  21  2:00  Overlord  
  25  2:01  Zergling x2  
  26  2:09  Metabolic Boost  
  26  2:10  Drone  
  26  2:11  Drone  
  28  2:20  Drone  
  28  2:22  Drone  
  30  2:31  Zergling x2  
  30  2:35  Hatchery  
  30  2:38  Zergling x2  
  31  2:45  Drone  
  32  2:53  Overlord  
  32  2:54  Zergling x4  
  34  3:06  Zergling x4  
  36  3:13  Roach Warren, Zergling x4  
  36  3:14  Zergling x6  
  36  3:15  Zergling x2  
  41  3:21  Drone  
  41  3:23  Drone  
  44  3:34  Drone  
  44  3:35  Overlord  
  44  3:39  Overlord  
  41  4:01  Roach x8  
  53  4:07  Extractor  
  53  4:09  Baneling Nest  
  51  4:14  Roach  
  51  4:15  Zergling x2  
  51  4:16  Zergling x4  
  56  4:18  Zergling x2  
  56  4:21  Zergling x4  
  53  4:26  Zergling x2  
  53  4:27  Zergling x2  
  55  4:31  Zergling x2  
  55  4:32  Zergling x2  
  57  4:54  Baneling  
  57  4:57  Baneling x4  
  55  5:08  Overlord  
  55  5:20  Zergling x6  
Tags
 
Add a new tag
Caveats
  • Supply blocks, unpowered buildings, or Contaminate may cause inaccurate times.
  • Supply counts are checked every 10 seconds.